Map: King's Cove LE

Players

Ziggy - Winner!

  • Race: Terran Terran
  • Spawn Location: 5:00

GogojOey

  • Race: Zerg Zerg
  • Spawn Location: 11:00

Event: 2019 WCS Spring

VOD

Have the link to the VOD?

Description

Time

  • Played on: May 17, 2019, 10:21 a.m.
  • Length: 15:54

All games in this series

Show
View Real Time Build Order
Export as new Build Order

Ziggy Terran - Winner!

Build Orders:  

Get SALT Encoding   

  12  0:00  SCV  
  13  0:12  SCV  
  14  0:17  Supply Depot  
  14  0:24  SCV  
  15  0:39  SCV  
  15  0:42  Barracks  
  16  0:44  Refinery  
  16  0:51  SCV  
  17  1:00  Barracks  
  17  1:04  SCV  
  18  1:16  SCV  
  19  1:29  Reaper, Orbital Command  
  20  1:37  Barracks  
  20  1:43  Refinery  
  20  1:46  Reaper  
  21  1:54  Supply Depot  
  21  1:58  SCV  
  22  2:03  Reaper  
  23  2:16  SCV  
  23  2:18  Reaper  
  25  2:26  Reaper  
  26  2:33  SCV  
  27  2:40  Reaper  
  27  2:45  SCV  
  28  2:56  Command Center  
  29  2:59  Reaper  
  29  3:02  Reaper  
  31  3:10  Supply Depot  
  31  3:12  Reaper  
  31  3:28  Barracks  
  31  3:32  Reaper, SCV  
  33  3:37  Reaper  
  33  3:38  Barracks  
  34  3:44  Reaper, SCV  
  36  3:56  SCV  
  36  4:02  Refinery  
  37  4:04  Reaper  
  37  4:08  SCV  
  37  4:09  Reaper  
  40  4:10  Orbital Command  
  40  4:17  Reaper  
  40  4:20  Reaper, SCV  
  43  4:28  Reaper  
  39  4:32  SCV  
  39  4:36  Reaper, SCV  
  42  4:41  Reaper  
  42  4:44  SCV  
  44  4:48  SCV  
  44  4:49  Reaper  
  44  4:52  Reaper  
  47  4:57  SCV  
  47  5:00  Reaper  
  47  5:04  SCV  
  47  5:05  Supply Depot  
  49  5:08  Reaper  
  49  5:13  Reaper, SCV  
  52  5:14  Supply Depot  
  52  5:18  SCV  
  53  5:21  Reaper  
  53  5:26  Reaper, SCV  
  56  5:32  Reaper  
  57  5:40  Reaper  
  57  5:42  SCV  
  59  5:43  Refinery  
  59  5:45  Reaper  
  59  5:46  Engineering Bay  
  59  5:47  Engineering Bay  
  60  5:50  SCV  
  60  5:53  Reaper  
  60  5:54  SCV  
  63  5:58  Reaper  
  64  6:04  Reaper  
  64  6:10  SCV x2  
  67  6:12  Reaper  
  67  6:13  Supply Depot x2  
  67  6:14  Terran Infantry Weapons Level 1  
  68  6:19  Reaper  
  68  6:22  SCV  
  70  6:31  Command Center  
  70  6:34  SCV, Terran Infantry Armor Level 1  
  70  6:35  Barracks Tech Lab x2  
  71  6:41  SCV  
  71  6:46  SCV  
  73  6:47  Factory  
  73  6:53  SCV  
  74  6:59  SCV  
  73  7:08  Stimpack, Marine x4  
  61  7:10  SCV  
  61  7:11  SCV  
  60  7:18  Combat Shield  
  60  7:23  SCV x2  
  60  7:27  Barracks Reactor x2  
  60  7:28  Marauder  
  60  7:29  Barracks Reactor, Marauder  
  66  7:32  Starport, Factory Reactor  
  66  7:35  SCV x2  
  68  7:43  Orbital Command  
  68  7:44  Command Center  
  68  7:47  SCV  
  68  7:48  SCV  
  68  7:51  Armory, Marine x2  
  72  7:59  SCV  
  72  8:00  Missile Turret, Orbital Command  
  72  8:01  Missile Turret  
  72  8:02  Missile Turret, SCV  
  72  8:04  Supply Depot  
  72  8:05  Marine x4  
  77  8:11  SCV  
  79  8:13  Marine x4  
  79  8:14  SCV  
  79  8:18  Medivac x2  
  79  8:19  Factory Tech Lab  
  88  8:23  SCV  
  88  8:26  SCV x2  
  91  8:30  Missile Turret x2  
  91  8:31  Missile Turret, Marine x2  
  91  8:34  Marine x2  
  94  8:38  Terran Infantry Weapons Level 2  
  95  8:46  Marine x2  
  92  8:52  Marine x4  
  92  8:53  Medivac, Marauder  
  92  8:54  Medivac  
  101  8:56  Siege Tank  
  101  9:02  Refinery  
  104  9:03  Refinery  
  104  9:05  Supply Depot  
  104  9:08  Marine x3  
  107  9:10  Marine  
  107  9:14  SCV x2  
  107  9:15  SCV  
  111  9:17  Terran Infantry Armor Level 2  
  111  9:20  Marine  
  111  9:21  Marauder  
  114  9:26  SCV x2  
  114  9:28  Supply Depot  
  114  9:29  Planetary Fortress  
  116  9:34  Marauder, Marine x4  
  116  9:36  Missile Turret, Siege Tank  
  116  9:38  SCV x3  
  126  9:43  Missile Turret  
  128  9:47  Supply Depot  
  128  9:49  Supply Depot, Marine x2  
  128  9:51  Barracks x2  
  128  9:52  SCV x2  
  132  9:54  SCV  
  133  10:03  Marine x3  
  136  10:08  Siege Tank  
  139  10:18  Marine  
  139  10:19  Marauder, Marine x3  
  139  10:20  Medivac x2  
  149  10:22  SCV x3  
  149  10:23  SCV  
  149  10:27  Supply Depot x2  
  153  10:30  Starport  
  153  10:32  Starport  
  153  10:34  SCV x2  
  155  10:48  Marine x6  
  155  10:49  Barracks Reactor, Marauder x2  
  157  10:50  Barracks Tech Lab  
  150  11:00  Thor, Medivac x2  
  159  11:05  Missile Turret  
  159  11:06  Missile Turret  
  159  11:08  Missile Turret  
  159  11:09  Marine x3  
  159  11:10  Marauder x2  
  156  11:17  Command Center  
  156  11:19  Starport Tech Lab, Starport Reactor  
  156  11:21  Marine x2  
  156  11:22  Fusion Core  
  156  11:24  Missile Turret  
  158  11:27  Missile Turret  
  158  11:31  Liberator, Marauder  
  160  11:34  Marine x5  
  160  11:35  Marauder  
  160  11:37  Missile Turret  
  167  11:40  Missile Turret, Terran Infantry Weapons Level 3  
  170  11:54  Liberator  
  170  11:59  Marine x2  
  172  12:04  Supply Depot, Marine x2  
  172  12:05  Supply Depot, Marauder  
  172  12:08  Liberator x2  
  179  12:17  Liberator  
  179  12:25  Marine x3  
  179  12:26  Thor, Marine  
  179  12:29  Marauder  
  200  12:40  Missile Turret  
  200  12:41  Missile Turret x2  
  200  12:42  Refinery  
  200  12:43  Refinery, Missile Turret  
  200  12:44  Terran Infantry Armor Level 3  
  200  12:47  Missile Turret  
  200  12:48  Missile Turret  
  200  12:49  Missile Turret  
  200  12:50  Missile Turret  
  200  12:51  Missile Turret, Barracks  
  200  12:52  Barracks  
  200  12:55  Barracks x2  
  200  13:08  Liberator x3  
  191  13:16  Marine x5  
  191  13:17  Marauder x2  
  191  13:19  Thor, Marine x3  
  179  13:20  Marauder  
  187  13:28  Refinery  
  187  13:34  Planetary Fortress, Marine x5  
  192  13:42  Liberator  
  192  13:43  Barracks Tech Lab, Barracks Reactor  
  192  13:44  Barracks Tech Lab  
  192  13:47  Command Center  
  192  13:52  Marine  
  192  13:53  Marauder, Marine x2  
  192  13:55  Liberator  
  197  13:56  Concussive Shells  
  195  14:20  Marine x7  
  195  14:21  Marauder  
  199  14:27  Marauder, Marine  
  199  14:28  Marine  
  199  14:29  Marine x5  
  160  14:37  Marine  
  160  14:38  Marine x5  
  139  14:39  Marine  
  139  14:41  Marine  
  139  14:42  Medivac x4  
  139  14:45  Marine  
  135  14:46  Marine x2  
  135  14:47  Marine x3  
  135  14:48  Marine  
  141  14:53  Ghost Academy  
  141  14:55  Medivac, Marine x3  
  141  14:56  Marine  
  141  14:57  Armory  
  149  15:00  Marauder  
  149  15:02  Marine x4  
  149  15:03  Barracks Reactor  
  149  15:04  Marine  
  149  15:05  Marauder  
  156  15:09  Marauder  
  156  15:10  Marauder x2  
  162  15:14  Marine x2  
  162  15:15  Marine x2  
  168  15:21  Missile Turret, Marauder  
  168  15:26  Marauder  
  170  15:32  Missile Turret  
  170  15:34  Missile Turret  
Show
View Real Time Build Order
Export as new Build Order

GogojOey Zerg 

Build Orders: Pool First, Muta Ling Bane 

Get SALT Encoding   

  12  0:00  Drone  
  13  0:09  Extractor  
  12  0:26  Spawning Pool  
  11  0:31  Drone  
  12  0:36  Drone  
  14  0:42  Drone  
  14  0:53  Overlord  
  14  1:13  Metabolic Boost, Zergling x4  
  14  1:17  Zergling x2  
  18  1:25  Zergling x2  
  18  1:36  Zergling x2  
  19  1:46  Zergling x2  
  20  1:53  Hatchery  
  19  1:57  Zergling x2  
  20  2:08  Queen  
  22  2:17  Overlord  
  22  2:36  Drone x2  
  23  2:43  Drone  
  24  2:44  Queen  
  27  2:51  Drone  
  27  3:01  Drone  
  28  3:10  Drone  
  29  3:13  Drone  
  29  3:18  Drone x3  
  29  3:19  Drone  
  34  3:31  Zergling x2  
  35  3:34  Overlord  
  35  3:47  Overlord  
  35  3:50  Hatchery  
  35  3:51  Drone  
  35  3:55  Drone x2  
  37  3:56  Drone x2  
  39  4:03  Zergling x4  
  39  4:05  Drone  
  42  4:17  Drone  
  42  4:19  Evolution Chamber  
  42  4:20  Zergling x10  
  45  4:31  Drone x4  
  47  4:51  Zergling x8  
  49  4:53  Queen  
  51  5:01  Queen x2  
  51  5:02  Zergling x4  
  51  5:04  Overlord  
  57  5:09  Overlord x2  
  57  5:12  Overlord  
  57  5:18  Zerg Ground Armor Level 1  
  56  5:24  Zergling x4  
  56  5:25  Zergling x2  
  56  5:28  Zergling x4  
  61  5:32  Drone x2  
  62  5:36  Zergling x2  
  62  5:37  Zergling x4  
  62  5:39  Zergling x4  
  67  5:46  Zergling x4  
  69  5:54  Zergling x8  
  73  6:03  Zergling x8  
  73  6:04  Zergling x4  
  79  6:08  Drone  
  79  6:11  Queen, Drone  
  75  6:13  Drone x2  
  75  6:14  Zergling x2  
  75  6:16  Zergling x2  
  81  6:24  Zergling x4  
  81  6:25  Zergling x2  
  84  6:30  Zergling x2  
  85  6:36  Zergling x4  
  87  6:40  Overlord  
  87  6:41  Overlord  
  87  6:42  Zergling x4  
  82  7:06  Zergling x14  
  82  7:07  Zergling x4  
  74  7:13  Lair  
  74  7:17  Evolution Chamber, Zergling x8, Baneling Nest  
  74  7:19  Zerg Melee Weapons Level 1  
  74  7:21  Drone  
  74  7:22  Extractor, Drone  
  77  7:23  Extractor  
  77  7:24  Drone  
  77  7:30  Zergling x2  
  77  7:33  Drone  
  77  7:36  Drone  
  80  7:39  Drone  
  80  7:43  Extractor, Overlord x2  
  80  7:44  Drone x3  
  80  7:45  Drone x2  
  85  7:52  Drone  
  85  7:53  Drone  
  85  7:57  Drone x2  
  90  7:58  Drone x3  
  92  8:08  Drone x2  
  92  8:09  Drone  
  95  8:12  Centrifical Hooks  
  95  8:15  Spire  
  95  8:16  Drone  
  95  8:18  Drone  
  95  8:20  Drone x2  
  95  8:21  Queen, Drone  
  100  8:28  Overlord  
  100  8:32  Hatchery  
  99  8:36  Zerg Ground Armor Level 2  
  98  8:43  Drone x2  
  99  8:52  Drone x3  
  102  8:55  Drone x3  
  102  8:56  Drone  
  102  9:01  Drone x2  
  107  9:07  Zergling x8  
  109  9:11  Queen  
  109  9:12  Extractor  
  109  9:14  Extractor, Hatchery  
  108  9:19  Overlord  
  108  9:21  Spore Crawler  
  108  9:22  Baneling x3  
  108  9:23  Baneling x3  
  106  9:28  Mutalisk x4  
  114  9:33  Zerg Flyer Weapons Level 1  
  114  9:41  Extractor  
  114  9:42  Mutalisk  
  115  9:46  Drone  
  115  9:47  Drone x2  
  115  9:48  Drone x6  
  115  9:49  Drone x2  
  126  9:54  Mutalisk  
  126  9:55  Zergling x2  
  126  9:56  Zergling x12  
  135  10:02  Baneling x2  
  135  10:03  Baneling x4  
  135  10:06  Overlord x3  
  135  10:09  Overlord  
  135  10:14  Overlord x2  
  135  10:17  Overlord  
  135  10:22  Overlord x3  
  135  10:31  Mutalisk x3  
  135  10:32  Mutalisk x2  
  135  10:35  Mutalisk  
  140  10:49  Drone x2  
  136  10:57  Mutalisk x4  
  131  10:59  Drone  
  131  11:00  Drone x3  
  131  11:01  Zergling x14, Drone  
  131  11:02  Zergling x8  
  155  11:06  Zerg Melee Weapons Level 2  
  148  11:18  Infestation Pit  
  148  11:19  Zergling x14  
  148  11:22  Baneling x6  
  148  11:25  Baneling x2  
  154  11:29  Extractor  
  154  11:32  Zergling x12  
  157  11:34  Baneling x3  
  157  11:37  Hatchery  
  156  11:40  Zergling x2  
  156  11:41  Zergling x12  
  163  11:52  Zergling x2  
  163  11:53  Zergling x18  
  173  11:54  Zergling x2  
  173  11:55  Zergling x8  
  173  11:56  Drone  
  173  12:00  Drone  
  180  12:05  Hive  
  180  12:13  Zergling x18  
  185  12:23  Baneling  
  185  12:24  Baneling x11  
  185  12:26  Zergling x2  
  185  12:27  Zergling x16  
  193  12:34  Drone  
  193  12:35  Drone  
  195  12:37  Spore Crawler  
  195  12:38  Spore Crawler  
  195  12:41  Drone x4  
  195  12:42  Drone  
  198  12:46  Spine Crawler  
  198  12:48  Spore Crawler, Spine Crawler  
  198  12:50  Zergling x8  
  199  13:04  Zerg Flyer Weapons Level 2  
  157  13:21  Mutalisk  
  157  13:22  Mutalisk x10  
  157  13:23  Zergling x2  
  157  13:24  Zergling x16  
  157  13:25  Baneling x4  
  157  13:26  Baneling x9  
  170  13:31  Mutalisk x3  
  170  13:34  Baneling x5  
  176  13:36  Drone x2  
  176  13:39  Adrenal Glands  
  178  13:46  Baneling x8  
  178  13:56  Zergling x14  
  178  13:57  Zergling x6  
  178  14:00  Zergling x16  
  194  14:07  Baneling x7  
  192  14:11  Zergling x14  
  197  14:23  Zergling x8  
  157  14:37  Mutalisk x2  
  157  14:38  Mutalisk x6  
  137  14:44  Zergling x8  
  137  14:45  Zergling x28  
  142  14:50  Mutalisk x2  
  142  14:52  Zergling x8  
  150  14:58  Zergling x2  
  150  14:59  Zergling x16  
  159  15:03  Baneling  
  159  15:05  Drone x2  
  161  15:07  Extractor  
  160  15:15  Mutalisk x2  
  160  15:16  Zergling x4  
  160  15:17  Zergling x6  
  160  15:18  Baneling x5  
  169  15:23  Zergling x2  
  169  15:24  Zergling x14  
  177  15:29  Drone x2  
  179  15:36  Baneling x10  
Tags
 
Add a new tag
Caveats
  • Supply blocks, unpowered buildings, or Contaminate may cause inaccurate times.
  • Supply counts are checked every 10 seconds.